 Dungeon Crawl Stone Soup version 0.21.1-1-g345015f (webtiles) character file.

70 shakethe the Ducker (level 4, -2/30 HPs)
             Began as an Octopode Transmuter on Feb 8, 2018.
             Was an Initiate of Cheibriados.
             Slain by shakethe's ghost (5 damage)
             ... on level 3 of the Dungeon.
             The game lasted 00:08:01 (1514 turns).

shakethe the Ducker (Octopode Transmuter)           Turns: 1514, Time: 00:08:01

Health: -2/30      AC:  1    Str: 10    XL:     4   Next: 21%
Magic:  7/7        EV: 14    Int: 16    God:    Cheibriados [......]
Gold:   110        SH:  0    Dex: 14    Spells: 3/7 levels left

rFire    . . .     SeeInvis .     - Unarmed
rCold    . . .     Gourm    .   (no shield)
rNeg     . . .     Faith    .   (helmet restricted)
rPois    .         Spirit   .   (no amulet)
rElec    .         Reflect  .   (no ring)
rCorr    .         Harm     .   (no ring)
MR       .....                  (no ring)
Stlth    ++........             (no ring)
HPRegen  0.10/turn              (no ring)
MPRegen  0.10/turn              (no ring)
                                (no ring)
                                (no ring)

@: very slow
A: almost no armour, stealthy swim, amphibious, 8 rings, constrict 8, camouflage
1, gelatinous body 1
a: Bend Time, Renounce Religion


You were on level 3 of the Dungeon.
You worshipped Cheibriados.
Cheibriados was noncommittal.
You were hungry.

You visited 1 branch of the dungeon, and saw 3 of its levels.

You collected 110 gold pieces.

Inventory:

Missiles
 a - 12 arrows
Armour
 e - a +2 shield
Scrolls
 d - a scroll of enchant armour {unknown}
 f - a scroll of noise {unknown}
 g - 4 scrolls of identify {unknown}
 i - a scroll of teleportation {unknown}
 k - 2 scrolls of immolation {unknown}
 l - a scroll of remove curse {unknown}
Books
 b - a book of Changes

   Spells                             Type                      Level
   a - Beastly Appendage              Transmutation                1
   b - Sticks to Snakes               Transmutation                2
   c - Spider Form                    Transmutation/Poison         3
   d - Ice Form                       Ice/Transmutation            4
   e - Blade Hands                    Transmutation                5
Comestibles
 c - 4 rations


   Skills:
 * Level 2.5 Fighting
 * Level 3.4 Dodging
 - Level 3.0 Unarmed Combat
 - Level 2.0 Spellcasting
 - Level 2.0 Transmutations
 + Level 0.5 Poison Magic


You had 3 spell levels left.
You knew the following spells:

 Your Spells              Type           Power        Failure   Level  Hunger
a - Beastly Appendage     Tmut           #.....       9%          1    #......
b - Spider Form           Tmut/Pois      #.........   36%         3    ###....


Dungeon Overview and Level Annotations

Branches:
Dungeon (3/15)

Altars:
Cheibriados
Makhleb

Annotations:
D:2 Sigmund
D:3 shakethe's ghost, amateur OpTm


Innate Abilities, Weirdness & Mutations

You cannot wear most types of armour.
You are very stealthy in the water. (Stealth+)
You are amphibious.
You can wear up to eight rings at the same time.
You can use your tentacles to constrict eight enemies at once.
Your skin changes colour to match your surroundings (Stealth+).
Your rubbery body absorbs attacks. (AC +1, EV +1)


Message History

Shakethe's ghost is severely damaged.
Shakethe's ghost hits you.
You barely miss shakethe's ghost.
Your tentacle spike misses shakethe's ghost.
Shakethe's ghost is severely damaged.
Shakethe's ghost closely misses you.
You barely miss shakethe's ghost.
Shakethe's ghost is severely damaged.
Shakethe's ghost hits you!
* * * LOW HITPOINT WARNING * * *
It was a potion of curing.
You feel better. Shakethe's ghost hits you!
* * * LOW HITPOINT WARNING * * *
Shakethe's ghost whispers, "Everlasting silence awaits you..."
Shakethe's ghost hits you.
* * * LOW HITPOINT WARNING * * *
Your tentacle spike disappears.
Shakethe's ghost hits you.
* * * LOW HITPOINT WARNING * * *
You swing at nothing.
Shakethe's ghost hits you.
You die...

....... #.# ##.# ......
... ...## #..#.###.# #...#
#.....##.# #...#
#.....##.# #...# #
.##........# #...# .##
.......)...####...####...
........#..............#
.....#...@.........<.... #
###......W.............#.#
#.......####.....####...
#.##.##.###.......#.....
#. #. #.##..........# # #
#. #.###.......#.#
....##.##.# #.....).#.#
#.....†..# #.#...#.#.#
#.###.#### #.##.##.#.####


You could see shakethe's ghost.

Vanquished Creatures
  2 adders
  An ooze (D:1)
  2 dart slugs (D:1)
  A leopard gecko (D:1)
  3 ball pythons
  3 giant cockroaches
  4 goblins
  3 hobgoblins
  6 jackals
  A quokka (D:2)
  3 bats
  4 frilled lizards
  4 kobolds
  4 rats
41 creatures vanquished.

Notes
Turn   | Place    | Note
-------+----------+-------------------------------------------
     0 | D:1      | shakethe the Octopode Transmuter began the quest for the Orb.
     0 | D:1      | Reached XP level 1. HP: 13/13 MP: 3/3
   245 | D:1      | Reached XP level 2. HP: 18/18 MP: 3/5
   494 | D:1      | Reached XP level 3. HP: 23/24 MP: 4/6
   958 | D:2      | Found a snail-covered altar of Cheibriados.
   969 | D:2      | Became a worshipper of Cheibriados the Contemplative
  1001 | D:2      | HP: 1/24 [poisoned by an adder]
  1052 | D:2      | Noticed Sigmund
  1239 | D:2      | Learned a level 3 spell: Spider Form
  1256 | D:2      | Found a burning altar of Makhleb.
  1355 | D:2      | You fall through a shaft!
  1410 | D:3      | Reached XP level 4. HP: 22/30 MP: 5/7
  1491 | D:3      | Noticed shakethe's ghost (amateur OpTm)
  1514 | D:3      | Slain by shakethe's ghost

Skill      XL: |  1  2  3 |
---------------+----------+-----
Dodging        | 3 |  3.4
Fighting       | 2 |  2.5
Unarmed Combat | |  3.0
Spellcasting   | |  2.0
Transmutations | |  2.0
Poison Magic   | |  0.5

Action                   |  1- 3 |  4- 6 || total
-------------------------+-------+-------++-------
Melee: Unarmed           |    68 |    22 ||    90
       Constrict         |    19 |     4 ||    23
       Tentacles         |    13 |     3 ||    16
       Punch             |     3 |       ||     3
       Kick              |    12 |     4 ||    16
 Cast: Beastly Appendage |    18 |     4 ||    22
  Use: Potion            |     3 |     1 ||     4
 Stab: Sleeping          |     4 |     1 ||     5
  Eat: Chunk             |     2 |       ||     2
Armor: Skin              |     9 |       ||     9
Dodge: Dodged            |    50 |    10 ||    60
